 Dungeon Crawl Stone Soup version 0.20-a0-671-g993d97e (webtiles) character file.

964 CountDeLaPain the Covered (level 8, -1/61 HPs)
             Began as a Barachian Fighter on Jan 10, 2017.
             Was an Initiate of Ieoh Jian.
             Slain by a wight
             ... wielding a +3 great sword
              (2 damage)
             ... on level 5 of the Dungeon.
             The game lasted 00:25:29 (7244 turns).

CountDeLaPain the Covered (Barachian Fighter)       Turns: 7244, Time: 00:25:30

Health: -1/61      AC: 15    Str: 15    XL:     8   Next: 15%
Magic:  8/8        EV:  2    Int:  8    God:    Ieoh Jian [......]
Gold:   276        SH:  8    Dex: 10    Spells: 7/7 levels left

rFire  . . .     SeeInvis .     a - +1 war axe
rCold  . . .     Gourm    .     o - +0 plate armour
rNeg   . . .     Faith    .     c - +0 shield
rPois  .         Spirit   .     (no helmet)
rElec  .         Reflect  .     r - +1 cloak
rCorr  .         Harm     .     (no gloves)
MR     .....                    G - +0 pair of boots
Stlth  ..........               (no amulet)
                                (no ring)
                                (no ring)

@: heavily drained, slow
A: swims, slowness 1, strong legs 1
a: Hop, Renounce Religion


You were on level 5 of the Dungeon.
You worshipped Ieoh Jian.
Ieoh Jian was noncommittal.
You were not hungry.

You visited 2 branches of the dungeon, and saw 7 of its levels.

You collected 276 gold pieces.

Inventory:

Hand Weapons
 a - a +1 war axe (weapon)
Armour
 b - a +0 scale mail
 c - a +0 shield (worn)
 n - a +0 cloak
 o - a +0 plate armour (worn)
 r - a +1 cloak (worn)
 G - a +0 pair of boots (worn)
Jewellery
 s - an uncursed amulet of magic regeneration {unknown}
 w - an uncursed ring of fire
Wands
 u - a wand of flame (34/48)
 C - a wand of iceblast (9/15)
Scrolls
 e - 2 scrolls of random uselessness
 h - 2 scrolls of amnesia
 i - 9 scrolls of identify
 k - a scroll of recharging
 l - a scroll of enchant weapon
 v - a scroll of immolation
 y - a scroll of teleportation
Potions
 d - a potion of might
 g - a potion of curing
 j - 3 potions of heal wounds {unknown}
 m - a potion of degeneration
 p - 3 potions of mutation {unknown}
 z - a potion of resistance {unknown}
 B - a potion of invisibility {unknown}
 D - a potion of cure mutation {unknown}
 E - a potion of agility {unknown}
Books
 x - a book of Callings

   Spells                             Type                      Level
   a - Summon Small Mammal            Summoning                    1
   b - Call Imp                       Summoning                    2
   c - Call Canine Familiar           Summoning                    3
   d - Summon Guardian Golem          Hexes/Summoning              3
   e - Summon Lightning Spire         Summoning/Air                4
   f - Summon Ice Beast               Ice/Summoning                4
Comestibles
 f - 3 bread rations
 q - 2 beef jerkies
 A - a meat ration


   Skills:
 + Level 4.5(2.6) Fighting
 + Level 5.7(3.7) Axes
 + Level 6.0(4.1) Armour
 + Level 2.0(0.3) Dodging
 + Level 5.2(3.3) Shields


You had 7 spell levels left.
You didn't know any spells.

Dungeon Overview and Level Annotations

Branches:
Dungeon (6/15)             Temple (1/1) D:5

Altars:
Ashenzari
Cheibriados
Fedhas
Gozag
Hepliaklqana Ieoh Jian
Kikubaaqudgha
Makhleb
Nemelex Xobeh
Okawaru
Qazlal
Ru
Sif Muna
Uskayaw
Vehumet
Yredelemnul
Zin
The Shining One

Shops:
D:4 :

Annotations:
D:5 stormannnn's ghost, amateur MiFi


Innate Abilities, Weirdness & Mutations

You can swim through water.
You cover ground slowly.
You can hop short distances.


Message History

The wight is almost destroyed.
You block the wight's attack.
You hit the wight but do no damage.
The wight is almost destroyed.
The wight hits you with an enchanted great sword!
* * * LOW HITPOINT WARNING * * *
You feel drained.
* * * LOW HITPOINT WARNING * * *
Your plate armour prevents you from hitting the wight.
The wight is almost destroyed.
The wight hits you with an enchanted great sword!
* * * LOW HITPOINT WARNING * * *
You feel drained.
* * * LOW HITPOINT WARNING * * *
Your shield and plate armour prevent you from hitting the wight.
The wight is almost destroyed.
The wight hits you with an enchanted great sword.
* * * LOW HITPOINT WARNING * * *
You feel drained.
You die...

.. #. #. .# .####.
.########## .# ......
......[.<.#
.##.......
.########.#
.##..####.
####.######.##.....#.
#..z@.......##..# #..
#.##...........# ##.
#.###.####.###%# #>
#<# #.# #...##.## ##.
####.###.#
#.....W.###..
..##...#.#
#...###....##
#.####.#.# #####
#>##### #.# #.#.#
##.# ###.####.#.#
###..#


You could see a wight.

Vanquished Creatures
  3 centaurs
  Blork the orc (D:4)
  A howler monkey (D:6)
  A crimson imp (D:5)
  An orc wizard (D:4)
  2 orc priests (D:4)
  A hound (D:6)
  A jelly (D:6)
  2 centaur skeletons
  A bullfrog skeleton (D:5)
  5 worker ants
  A hound skeleton (D:6)
  10 adders
  3 gnolls (D:6)
  A shadow imp (D:6)
  An adder skeleton (D:4)
  3 worms (D:2)
  2 dart slugs (D:1)
  4 leopard geckos
  10 orcs
  10 bats
  5 giant cockroaches
  5 goblins
  3 hobgoblins
  A jackal (D:3)
  A quokka (D:5)
  A ball python (D:3)
  2 frilled lizards (D:2)
  2 kobolds (D:3)
  A leopard gecko skeleton (D:4)
  8 rats
93 creatures vanquished.

Vanquished Creatures (others)
  A human (D:2)
1 creature vanquished.

Grand Total: 94 creatures vanquished

Notes
Turn   | Place    | Note
-------+----------+-------------------------------------------
     0 | D:1      | CountDeLaPain the Barachian Fighter began the quest for the Orb.
     0 | D:1      | Reached XP level 1. HP: 18/18 MP: 1/1
   160 | D:1      | Reached XP level 2. HP: 24/24 MP: 2/2
   668 | D:1      | Reached XP level 3. HP: 29/29 MP: 3/3
  1065 | D:2      | Found an ancient bone altar of Kikubaaqudgha.
  1077 | D:2      | Noticed a human
  1077 | D:2      | Killed a human
  1109 | D:2      | Reached XP level 4. HP: 14/35 MP: 4/4
  2133 | D:3      | Reached skill level 4 in Armour
  2844 | D:3      | Reached XP level 5. HP: 39/42 MP: 5/5
  3234 | D:4      | Reached skill level 1 in Dodging
  3649 | D:4      | Found a sparkling altar of Nemelex Xobeh.
  3793 | D:4      | Noticed Blork the orc
  3806 | D:4      | Killed Blork the orc
  3806 | D:4      | Reached XP level 6. HP: 23/48 MP: 6/6
  4400 | D:4      | Reached XP level 7. HP: 18/54 MP: 7/7
  4609 | D:4      | Found Zourgh's Book Shop.
  4952 | D:5      | Entered Level 5 of the Dungeon
  4999 | D:5      | Reached skill level 5 in Armour
  5206 | D:5      | Reached skill level 5 in Axes
  5326 | D:5      | Noticed stormannnn's ghost (amateur MiFi)
  5864 | D:5      | Found a staircase to the Ecumenical Temple.
  5878 | Temple   | Entered the Ecumenical Temple
  5942 | Temple   | Became a worshipper of The Ieoh Jian Council
  6131 | D:6      | Reached skill level 5 in Shields
  6201 | D:6      | HP: 2/55 [acid (9)]
  6203 | D:6      | Reached XP level 8. HP: 3/61 MP: 8/8
  7085 | D:6      | Reached skill level 6 in Armour
  7244 | D:5      | HP: 1/61 [wight/enchanted great sword (5)]
  7244 | D:5      | Slain by a wight

Vault maps used:
D:1:      onia_arrival_pyramid, hangedman_abyss_or_decor_stabs
D:2:      tgw_kikubaaqudgha
D:3:      mumra_celtic_spiral_tile
D:4:      nemelex_xobeh_ov_fountains_minmay, serial_shops, kennysheep_mini,
          dk_noncrumbling_3, glass_columns_b, uniq_blork_the_orc
D:5:      gup_sewer_entry_bowl, first_bread
Temple:   grunt_wide_crystal_templ

Skill      XL: |  1  2  3  4  5  6  7  8 |
---------------+-------------------------+-----
Armour         | 4 5 6 |  6.0
Axes           | 3 4 5 |  5.7
Dodging        | 1 2 |  2.0
Shields        | 4 5 |  5.2
Fighting       | 4 |  4.5

Action                   |  1- 3 |  4- 6 |  7- 9 || total
-------------------------+-------+-------+-------++-------
Melee: War axe           |   155 |   183 |   229 ||   567
 Abil: Hop               |     1 |     1 |     4 ||     6
Evoke: Wand              |       |       |     3 ||     3
  Use: Scroll            |     2 |       |     8 ||    10
       Potion            |       |       |     1 ||     1
  Eat: Chunk             |     1 |     7 |     6 ||    14
       Bread ration      |       |     1 |       ||     1
       Beef jerky        |       |       |     2 ||     2
       Royal jelly       |       |       |     1 ||     1
Armor: Scale mail        |   123 |    79 |    63 ||   265
       Plate armour      |       |       |    82 ||    82
Dodge: Dodged            |    76 |    53 |    58 ||   187
Block: Shield            |   126 |   103 |   124 ||   353
